 Dungeon Crawl Stone Soup version 0.31-a0-981-geadf994542 (webtiles) character file.

Game seed: 9225806244034822531

2945 Gargoyl the Cleaver (level 9, -5/84 HPs)
             Began as a Gargoyle Berserker on Nov 1, 2023.
             Was a Believer of Trog.
             Slain by a skeletal warrior
             ... wielding a +3 heavy dire flail
              (30 damage)
             ... on level 7 of the Dungeon.
             The game lasted 00:06:47 (5737 turns).

Gargoyl the Cleaver (Gargoyle Berserker)            Turns: 5737, Time: 00:06:47

Health: -5/84      AC: 15    Str: 21    XL:     9   Next: 80%
Magic:  9/9        EV: 11    Int:  8    God:    Trog [**....]
Gold:   452        SH:  0    Dex: 13    Spells: 8/8 levels left

rFire   . . .        v - +5 hand axe (freeze)
rCold   . . .        (no shield)
rNeg    + . .        d - +0 scale mail
rPois   ∞            (no helmet)
rElec   +            (no cloak)
rCorr   .            f - +0 pair of gloves
SInv    .            (no boots)
Will    .....        (no amulet) Stlth
                     (no ring)
HPRegen 0.34/turn    (no ring)
MPRegen 0.11/turn

%: no passive effects
@: berserking (expiring), very quick
A: sickness immunity, AC +6, negative energy resistance 1, electricity
resistance, torment resistance 1, petrification resistance
a: Renounce Religion, Berserk, Trog's Hand


You were on level 7 of the Dungeon.
You worshipped Trog.
Trog was pleased with you.
You visited 1 branch of the dungeon, and saw 7 of its levels.

You collected 452 gold pieces.

Inventory:

Hand Weapons
 e - a +0 war axe of chaos
 o - a +0 vampiric hand axe
 v - a +5 hand axe of freezing (weapon)
Missiles
 c - 5 poisoned darts (quivered)
 s - a throwing net
Armour
 d - a +0 scale mail (worn)
 f - a +0 pair of gloves (worn)
Jewellery
 i - a +6 ring of strength
 k - an amulet of guardian spirit
 n - a ring of protection from cold
Wands
 a - a wand of paralysis (2)
 p - a wand of polymorph (10)
 q - a wand of flame (32)
Scrolls
 b - a scroll of blinking
 h - a scroll of immolation
 j - a scroll of teleportation
 l - 2 scrolls of identify
Potions
 g - 3 potions of curing
 m - a potion of enlightenment
 r - 3 potions of lignification
 t - a potion of berserk rage {unknown}
 u - a potion of cancellation {unknown}


   Skills:
 + Level 6.7 Fighting
 + Level 8.9 Axes
 + Level 0.8 Throwing
 + Level 7.4 Armour
 + Level 3.6 Dodging
 + Level 2.0 Stealth


You had 8 spell levels left.
You didn't know any spells.
Your spell library was empty.

Dungeon Overview and Level Annotations

Branches:
Dungeon (7/15)             Temple (0/1) D:6

Altars:
Makhleb

Shops:
D:2 :   D:5 *

Annotations:
D:3 2 transporters, EuServersOMG's ghost, amateur MiCK


Innate Abilities, Weirdness & Mutations

You are immune to sickness and miasma.
Your stone body is resilient. (AC +6)
You are immune to poison.
You resist negative energy. (rN+)
You are resistant to electric shocks. (rElec)
You are resistant to unholy torment.
You are immune to petrification.


Message History

Unknown command.
You hit the boulder beetle. You freeze the boulder beetle.
The boulder beetle is heavily wounded.
Unknown command.
You slice the boulder beetle!! You freeze the boulder beetle.
The boulder beetle is almost dead.
You feel the effects of Trog's Hand fading.
The boulder beetle bites you!
You slash the boulder beetle! You freeze the boulder beetle.
The boulder beetle is almost dead.
Unknown command.
You hit the boulder beetle. You freeze the boulder beetle.
You kill the boulder beetle!
Trog accepts your kill.
The orc wizard casts a spell.
The orc wizard flickers and vanishes!
Deactivating autopickup; reactivate with Ctrl-A.
The white imp lashes its tail.
The skeletal warrior hits you with a +3 heavy dire flail!!!
There is an open door here.
You see here a boulder beetle corpse.
Unknown command.
Unknown command.
Unknown command.
You slash the skeletal warrior! You freeze the skeletal warrior.
The skeletal warrior is lightly damaged.
You hit the skeletal warrior but do no damage.
The skeletal warrior is lightly damaged.
You hit the skeletal warrior.
The skeletal warrior is lightly damaged.
The skeletal warrior hits you with a +3 heavy dire flail!!
* * * LOW HITPOINT WARNING * * *
You slash the skeletal warrior! You freeze the skeletal warrior.
The skeletal warrior is moderately damaged.
The white imp lashes its tail.
You hit the skeletal warrior but do no damage.
The skeletal warrior is moderately damaged.
Your skin stops crawling.
You feel less strong-willed.
The skeletal warrior hits you with a +3 heavy dire flail!!
You die...

##...#♣♣.♣♣
♣....
##..#♣.♣♣♣
♣...
###..#♣...♣#
♣..+#####+
..##.#.###.#
♣..#.....#
..##.#.#
#.#♣♣..#5oW..#
...#..)+
#......#SC{..#
...#.#.#
#.#♣♣..#FY95.#
.....#.# #.#
♣..#zQoh.#
##...#♣. .♣#
♣..@#####+.
#.#.# .♣♣
♣..........
#.#.# ♣.
♣..........
#.#.# ♣.
♣♣♣♣♣♣.♣♣♣♣ #
#.# ♣ .♣ #


You could see a skeletal warrior, a tengu warrior, a cyclops, a wraith, an orc
warrior, a water moccasin, a black bear, a gargoyle, an ice beast, a bullfrog, 2
white imps and an orc.

Vanquished Creatures
  A boulder beetle (D:7)
  Maggie (D:7)
  Grinder (D:3)
  Sigmund (D:3)
  3 water moccasins
  An ice beast (D:5)
  A centaur (D:5)
  A phantom (D:6)
  A scorpion (D:6)
  3 wights (D:6)
  4 killer bees (D:5)
  4 jellies
  4 hounds
  4 orc priests (D:7)
  A sleepcap (D:7)
  An iguana (D:6)
  Ijyb (D:4)
  Natasha (thrice) (D:3)
  6 orc wizards
  4 gnolls (D:5)
  3 adders
  A white imp (D:6)
  A dart slug (D:2)
  19 orcs
  3 endoplasms
  6 giant cockroaches
  6 goblins
  11 hobgoblins
  4 quokkas
  6 ball pythons
  2 bats (D:3)
  2 frilled lizards
  10 kobolds
  2 rats
122 creatures vanquished.

Notes
Turn   | Place    | Note
-------+----------+-------------------------------------------
     0 | D:1      | Gargoyl the Gargoyle Berserker began the quest for the Orb.
     0 | D:1      | Reached XP level 1. HP: 14/14 MP: 1/1
   131 | D:1      | Reached XP level 2. HP: 18/19 MP: 2/2
   133 | D:1      | Reached skill level 3 in Axes
   558 | D:1      | Found a faded altar of an unknown god.
  1136 | D:1      | Reached XP level 3. HP: 24/24 MP: 3/3
  1211 | D:2      | Found Xenei's Book Shop.
  1601 | D:2      | Reached ** piety under Trog
  1762 | D:2      | Identified the +1 sling "Quajok" {drain, rPois}
  1942 | D:3      | Noticed Natasha
  1949 | D:3      | Killed Natasha
  1950 | D:3      | Reached XP level 4. HP: 29/29 MP: 4/4
  2155 | D:3      | Noticed Natasha
  2167 | D:3      | HP: 2/43 [Natasha/puff of flame (4)]
  2168 | D:3      | Killed Natasha
  2300 | D:3      | Found a transporter.
  2301 | D:3      | Noticed EuServersOMG's ghost (amateur MiCK)
  2302 | D:3      | Found a transporter.
  2303 | D:3      | Noticed an ogre
  2307 | D:3      | Noticed Natasha
  2316 | D:3      | Killed Natasha
  2317 | D:3      | Reached XP level 5. HP: 28/33 MP: 5/5
  2378 | D:3      | Noticed Grinder
  2378 | D:3      | Paralysed by Grinder for 4 turns
  2411 | D:3      | Paralysed by Grinder for 5 turns
  2438 | D:3      | Paralysed by Grinder for 4 turns
  2445 | D:3      | Killed Grinder
  2446 | D:3      | Reached skill level 4 in Axes
  2446 | D:3      | Reached XP level 6. HP: 39/39 MP: 6/6
  2698 | D:3      | Found a burning altar of Makhleb.
  2712 | D:3      | Noticed Sigmund
  2733 | D:3      | Killed Sigmund
  2734 | D:3      | Reached skill level 5 in Axes
  2734 | D:3      | Reached XP level 7. HP: 44/44 MP: 7/7
  3013 | D:4      | Noticed Ijyb
  3028 | D:4      | Killed Ijyb
  3343 | D:5      | Entered Level 5 of the Dungeon
  3639 | D:5      | Found Zuhaoh's Assorted Antiques.
  3826 | D:5      | Reached skill level 5 in Armour
  4109 | D:5      | Reached skill level 5 in Fighting
  4236 | D:5      | Reached skill level 6 in Axes
  4236 | D:5      | Reached XP level 8. HP: 41/49 MP: 8/8
  4775 | D:6      | Reached skill level 1 in Stealth
  4863 | D:6      | Found a staircase to the Ecumenical Temple.
  5189 | D:6      | Reached skill level 7 in Axes
  5454 | D:7      | Noticed Maggie
  5457 | D:7      | Reached XP level 9. HP: 53/55 MP: 9/9
  5469 | D:7      | Killed Maggie
  5474 | D:7      | Reached skill level 8 in Axes
  5716 | D:7      | Noticed a cyclops
  5716 | D:7      | Noticed a gargoyle
  5716 | D:7      | Noticed a tengu warrior
  5716 | D:7      | Noticed a skeletal warrior
  5717 | D:7      | Noticed a boulder beetle
  5731 | D:7      | Killed a boulder beetle
  5737 | D:7      | Slain by a skeletal warrior

Illustrated notes

Levels and vault maps discovered:
D:1:      dpeg_arrival_morbid_curiosity, layout_basic,
          hellmonk_ecumenical_altar_slurped_away
D:2:      layout_loops_ring, serial_shops, shop, minmay_misc_feat_tower,
          hangedman_abyss_or_decor_stabs
D:3:      layout_basic, mainiacjoe_overflow_cross_hatched,
          gammafunk_ghost_smash, kennysheep_nondescript, uniq_natasha,
          uniq_grinder, uniq_sigmund
D:4:      layout_basic, uniq_ijyb
D:5:      layout_basic, serial_shops, kennysheep_little_box
D:6:      layout_rooms, minmay_temple_entry_grid
D:7:      nzn_winding_woodlands_cross [nzn_winding_woodlands_5x15_sidewinder,
          nzn_winding_woodlands_5x15_pockets,
          nzn_winding_woodlands_5x15_river_crossing,
          nzn_winding_woodlands_5x15_cabin,
          nzn_winding_woodlands_15x15_killbox], layout_basic, uniq_maggie

Skill      XL: |  1  2  3  4  5  6  7  8  9 |
---------------+----------------------------+-----
Axes           | 3 4 5 6 7 8 |  8.9
Fighting       | 4 5 6 |  6.7
Armour         | 3 4 5 6 7 |  7.4
Dodging        | 2 3 |  3.6
Stealth        | 1 2 |  2.0
Throwing       | |  0.8

Action                     |  1- 3 |  4- 6 |  7- 9 || total
---------------------------+-------+-------+-------++-------
  Melee: Hand axe          |    67 |    87 |   379 ||   533
         War axe           |    29 |       |       ||    29
         Punch             |     2 |       |     8 ||    10
  Throw: Dart              |       |     5 |       ||     5
 Invoke: Berserk           |     1 |     5 |     7 ||    13
         Trog's Hand       |       |     2 |     2 ||     4
    Use: Scroll            |     2 |       |     7 ||     9
         Potion            |       |       |     7 ||     7
 Armour: Animal skin       |    16 |       |       ||    16
         Scale mail        |    53 |    65 |   380 ||   498
  Dodge: Dodged            |    54 |    41 |   233 ||   328

Table legend: (Time is in decaauts)
 A = Elapsed time spent in this place.
 B = Non-inter-level travel time spent in this place.
 C = Inter-level travel time spent in this place.
 D = Time resting spent in this place.
 E = Time spent auto-exploring this place.
 F = Levels seen in this place.
 G = Mean time per level.
                   A        B        C        D        E       F      G
               +--------+--------+--------+--------+--------+-----+--------+
         Total |   5876 |   5759 |    117 |    902 |   3548 |   7 |  839.4 |
       Dungeon |   5876 |   5759 |    117 |    902 |   3548 |   7 |  839.4 |
               +--------+--------+--------+--------+--------+-----+--------+

Top non-repeatable levels by time:
     D:5: 1436 daAuts
     D:1: 1195 daAuts
     D:3: 1031 daAuts
     D:2: 761 daAuts
     D:6: 532 daAuts
     D:7: 464 daAuts
     D:4: 455 daAuts
